 Dungeon Crawl Stone Soup version 0.23.2-1-ga50397a (webtiles) character file.

Game seed: 14613142208883620170

63 Magicfruit the Gusty (level 4, -6/24 HPs)
             Began as a Tengu Air Elementalist on May 19, 2019.
             Killed by divine providence
             ... invoked by an orc priest
              (14 damage)
             ... on level 3 of the Dungeon.
             The game lasted 00:08:25 (1987 turns).

Magicfruit the Gusty (Tengu Air Elementalist)       Turns: 1987, Time: 00:08:27

Health: -6/24      AC:  4    Str:  8    XL:     4   Next: 9%
Magic:  5/9        EV: 13    Int: 17    God:
Gold:   67         SH:  0    Dex: 14    Spells: 5/8 levels left

rFire    . . .     SeeInvis .   g - +2 dagger (venom)
rCold    . . .     Gourm    .   (no shield)
rNeg     . . .     Faith    .   a - +1 robe
rPois    .         Spirit   .   (helmet restricted)
rElec    .         Reflect  .   h - +0 cloak
rCorr    .         Harm     .   (no gloves)
MR       .....                  (boots unavailable)
Stlth    ++........             (no amulet)
HPRegen  0.08/turn              (no ring)
MPRegen  0.11/turn              (no ring)

@: no status effects
A: beak, talons 3
a: no special abilities


You were on level 3 of the Dungeon.
You were not hungry.

You visited 1 branch of the dungeon, and saw 3 of its levels.

You collected 67 gold pieces.

Inventory:

Hand Weapons
 e - a +0 spear
 g - a +2 dagger of venom (weapon)
Armour
 a - a +1 robe (worn)
 d - a +1 helmet
 h - a +0 cloak (worn)
Scrolls
 f - 3 scrolls of teleportation
 i - 3 scrolls of blinking {unknown}
Potions
 b - 2 potions of curing
Comestibles
 c - 3 rations


   Skills:
 + Level 2.5 Dodging
 + Level 2.2 Stealth
 + Level 2.7 Spellcasting
 + Level 1.6 Conjurations
 + Level 5.2 Air Magic


You had 5 spell levels left.
You knew the following spells:

 Your Spells              Type           Power        Failure   Level  Hunger
a - Shock                 Conj/Air       ##..         4%          1    #......
b - Swiftness             Chrm/Air       ##......     9%          2    ##.....

Your spell library contained the following spells:

 Spells                   Type           Power        Failure   Level  Hunger
 Static Discharge         Conj/Air       ##......     13%         3    ###....
 Airstrike                Air            ###.......   21%         4    #####..
 Lightning Bolt           Conj/Air       ##........   77%         5    ######.


Dungeon Overview and Level Annotations

Branches:
Dungeon (3/15)

Altars:


Innate Abilities, Weirdness & Mutations

You have a beak for a mouth.
You have claws for feet.


Message History

The orc is moderately wounded.
The zap hits the orc.
The orc is heavily wounded.
Casting: Shock (safe; 4% risk of failure)
Confirm with . or Enter, or press ? or * to list all spells.
Aiming: Shock (safe; 4% risk of failure)
Press: ? - help, Shift-Dir - straight line, f/p - orc priest
Aim: an orc priest, wielding a +0 short sword (severely wounded)
The zap misses the orc.
The zap hits the orc priest.
The orc priest is almost dead.
The zap hits the orc.
The orc is severely wounded.
The orc priest invokes the aid of Beogh against you.
Beogh smites you!
Ouch! That really hurt!
You hear a bark!
The orc priest invokes the aid of Beogh against you.
Beogh smites you!
Ouch! That really hurt!
You die...

##### #.... #.... #######
#....
.......###############....
.....oo'.@........÷..'....
....goo###############....
###.... #.... #.##. #....
.. .g ...... #. ..
#....... # ... #....§§#
... #....§## #..>.≈#


You could see 2 orc priests, 2 orcs and a goblin.

Vanquished Creatures
  3 adders
  A worm (D:3)
  A leopard gecko (D:3)
  3 bats
  A giant cockroach (D:1)
  6 goblins
  4 hobgoblins
  3 jackals (D:2)
  A quokka (D:2)
  4 kobolds
  A rat (D:3)
28 creatures vanquished.

Notes
Turn   | Place    | Note
-------+----------+-------------------------------------------
     0 | D:1      | Magicfruit the Tengu Air Elementalist began the quest for
                  | the Orb.
     0 | D:1      | Reached XP level 1. HP: 10/10 MP: 4/4
   264 | D:1      | Reached XP level 2. HP: 15/15 MP: 0/6
   328 | D:1      | Learned a level 2 spell: Swiftness
   796 | D:2      | Reached XP level 3. HP: 19/19 MP: 2/7
  1289 | D:3      | Reached skill level 5 in Air Magic
  1728 | D:3      | Reached XP level 4. HP: 15/24 MP: 4/9
  1987 | D:3      | Killed from afar by an orc priest

Skill      XL: |  1  2  3 |
---------------+----------+-----
Air Magic      | 5 |  5.2
Dodging        | |  2.5
Stealth        | |  2.2
Spellcasting   | |  2.7
Conjurations   | |  1.6

Action                   |  1- 3 |  4- 6 || total
-------------------------+-------+-------++-------
Melee: Kick              |     5 |       ||     5
       Unarmed           |     1 |       ||     1
       Dagger            |    19 |       ||    19
       Peck              |     1 |       ||     1
 Cast: Shock             |    57 |     4 ||    61
       Swiftness         |     2 |       ||     2
  Use: Potion            |     5 |       ||     5
       Scroll            |     3 |       ||     3
  Eat: Ration            |     1 |     1 ||     2
Armor: Robe              |     8 |       ||     8
Dodge: Dodged            |    30 |       ||    30
